 Seeded DCSS version 0.30-a0-953-g5f1da4a474 (webtiles) character file.

Game seed: 3125986916090331667 (custom seed)

2 Parcival the Shield-Bearer (level 1, 0/19 HPs)
             Began as a Minotaur Fighter on Mar 28, 2023.
             Slain by an endoplasm (3 damage)
             ... on level 1 of the Dungeon.
             The game lasted 00:00:11 (24 turns).

Parcival the Shield-Bearer (Minotaur Fighter)         Turns: 24, Time: 00:00:13

Health: 0/19       AC:  6    Str: 20    XL:     1   Next: 25%
Magic:  0/0        EV:  9    Int:  5    God:
Gold:   0          SH:  4    Dex:  9    Spells: 0/0 levels left

rFire   . . .      SeeInvis .    a - +0 war axe
rCold   . . .      Faith    .    c - +0 buckler
rNeg    . . .      Spirit   .    b - +0 scale mail
rPois   .          Reflect  .    (helmet restricted)
rElec   .          Rampage  .    (no cloak)
rCorr   .                        (no gloves)
Will    .....                    (no boots) Stlth
                                 (no amulet)
HPRegen 0.23/turn                (no ring)
MPRegen 0.07/turn                (no ring)

@: no status effects
A: horns 2, retaliatory headbutt
a: no special abilities


You were on level 1 of the Dungeon.
You visited 1 branch of the dungeon, and saw 1 of its levels.

Inventory:

Hand Weapons
 a - a +0 war axe (weapon)
Armour
 b - a +0 scale mail (worn)
 c - a +0 buckler (worn)
Potions
 d - a potion of might


   Skills:
 + Level 3.6 Fighting
 + Level 2.6 Axes
 + Level 3.6 Armour
 + Level 3.7 Shields


You couldn't memorise any spells.
You didn't know any spells.
Your spell library was empty.

Dungeon Overview and Level Annotations

Branches:
Dungeon (1/15)

Altars:


Innate Abilities, Weirdness & Mutations

You have a pair of horns on your head.
You reflexively headbutt those who attack you in melee.


Message History

Press ? for a list of commands and other information.
Found a staircase leading out of the dungeon.
Found a stone staircase leading down.
An endoplasm comes into view.
The endoplasm quivers.
A goblin comes into view. It is wielding a +0 dagger.
The goblin shouts!
You hear a shout!
Found a scroll labelled ROKLIF FIDEHY.
The endoplasm freezes you.
You are frozen.
The goblin hits you with a +0 dagger.
A goblin comes into view. It is wielding a +0 club.
The goblin shouts!
The endoplasm attacks as you move away! The endoplasm closely misses you.
The goblin attacks as you move away! You block the goblin's attack.
The goblin hits you with a +0 club. You block the goblin's attack.
The endoplasm freezes you.
You are frozen.
You see here a scroll labelled ROKLIF FIDEHY.
This is a scroll of acquirement!
Something appears at your feet! The goblin hits you but does no damage.
The endoplasm hits you but does no damage.
You miss the goblin. You barely miss the goblin. You hit the endoplasm.
The goblin hits you but does no damage. You block the goblin's attack.
The endoplasm barely misses you.
You barely miss the goblin. You hit the endoplasm but do no damage.
You hit the goblin.
You kill the goblin!
The goblin hits you with a +0 club. The endoplasm barely misses you.
You slash the goblin!
You kill the goblin!
You hit the endoplasm. The endoplasm freezes you.
You are frozen.
* * * LOW HITPOINT WARNING * * *
The endoplasm freezes you.
You are frozen.
* * * LOW HITPOINT WARNING * * *
The endoplasm hits you.
You die...

# .#.###### .#~
........# #.#~
###@####..+.
#.))J.....#~
#.......#.#~
.###....#....##
........>.....#
.###.#.........
#.......####
#......##
####.###


You could see an endoplasm.

Vanquished Creatures
  2 goblins (D:1)
2 creatures vanquished.

Notes
Turn   | Place    | Note
-------+----------+-------------------------------------------
     0 | D:1      | Parcival the Minotaur Fighter began the quest for the Orb.
     0 | D:1      | Reached XP level 1. HP: 19/19 MP: 0/0
    20 | D:1      | Identified a scroll of acquirement
    20 | D:1      | Acquired the +6 quarterstaff of the End {drain, +Blink rC-
                  | Will+}
    24 | D:1      | Slain by an endoplasm

Illustrated notes

Levels and vault maps discovered:
D:1:      amcnicky_arrival_single_pillar, layout_loops_cross,
          hangedman_glass_garden

Action                     || total
---------------------------++-------
  Melee: War axe           ||     3
    Use: Scroll            ||     1
 Armour: Scale mail        ||     3
  Dodge: Dodged            ||     3
  Block: Buckler           ||     3

Table legend: (Time is in decaauts)
 A = Elapsed time spent in this place.
 B = Non-inter-level travel time spent in this place.
 C = Inter-level travel time spent in this place.
 D = Time resting spent in this place.
 E = Time spent auto-exploring this place.
 F = Levels seen in this place.
 G = Mean time per level.
                   A        B        C        D        E       F      G
               +--------+--------+--------+--------+--------+-----+--------+
         Total |     25 |     25 |      0 |      0 |      6 |   1 |   25.0 |
       Dungeon |     25 |     25 |      0 |      0 |      6 |   1 |   25.0 |
               +--------+--------+--------+--------+--------+-----+--------+

Top non-repeatable levels by time:
     D:1: 25 daAuts
